 Dungeon Crawl Stone Soup version 0.30-a0-168-g0b976cbdc4 (webtiles) character file.

Game seed: 2839043404791351520

491 qw the Trooper (level 7, -5/45 HPs)
             Began as a Gargoyle Fighter on Sept 29, 2022.
             Slain by a gnoll
             ... wielding a +0 halberd
             ... led by a gnoll bouda
              (8 damage)
             ... on level 4 of the Dungeon.
             The game lasted 00:01:07 (3344 turns).

qw the Trooper (Gargoyle Fighter)                   Turns: 3344, Time: 00:01:07

Health: -5/45      AC: 12    Str: 21    XL:     7   Next: 14%
Magic:  7/7        EV: 24    Int:  9    God:
Gold:   303        SH:  4    Dex:  9    Spells: 6/6 levels left

rFire   . . .      SeeInvis .    Y - +0 war axe
rCold   . . .      Faith    .    c - +0 buckler
rNeg    + . .      Spirit   .    b - +0 scale mail
rPois   inf        Reflect  .    (no helmet)
rElec   +          Harm     .    (no cloak)
rCorr   .          Rampage  .    i - +0 pair of gloves
Will    .....                    (no boots)
Stlth   ..........               j - amulet of the acrobat
HPRegen 0.15/turn                (no ring)
MPRegen 0.10/turn                (no ring)

@: about to teleport, weakened, acrobatic
A: sickness immunity, AC +4, negative energy resistance 1, electricity
resistance, torment resistance 1, petrification resistance
a: no special abilities


You were on level 4 of the Dungeon.
You visited 1 branch of the dungeon, and saw 4 of its levels.

You collected 303 gold pieces.


Innate Abilities, Weirdness & Mutations

You are immune to sickness and miasma.
Your stone body is resilient. (AC +4)
You are immune to poison.
You resist negative energy. (rN+)
You are resistant to electric shocks. (rElec)
You are resistant to unholy torment.
You are immune to petrification.


   Skills:
 - Level 5.6 Fighting
 + Level 5.4 Axes
 - Level 3.2 Armour
 - Level 1.1 Dodging
 - Level 3.2 Shields


You had 6 spell levels left.
You didn't know any spells.
Your spell library was empty.

Inventory:

Hand Weapons
 e - a +0 whip
 Y - a +0 war axe (weapon)
Missiles
 l - 2 boomerangs (quivered)
Armour
 a - the +0 pair of gloves "Ciuc" {Harm rC+ Str+3}
   (You acquired it on level 2 of the Dungeon)

   Str:       It affects your strength (+3).
   rC:        It protects you from cold.
   Harm:      It increases damage dealt and taken.
 b - a +0 scale mail (worn)
 c - a +0 buckler (worn)
 i - a +0 pair of gloves (worn)
Jewellery
 j - an amulet of the acrobat (around neck)
Wands
 m - a wand of digging (4)
Scrolls
 k - a scroll of identify
Potions
 d - 2 potions of might
 f - a potion of attraction {unknown}
 g - a potion of heal wounds {unknown}
 h - a potion of haste {unknown}
 n - a potion of ambrosia {unknown}

Dungeon Overview and Level Annotations

Branches:
Dungeon (4/15)
 Temple: D:4-7

Altars:


Message History

The gnoll hits you but does no damage.
The gnoll hits you from afar with a +0 halberd.
The gnoll bouda hits you but does no damage.
The gnoll hits you but does no damage. x2; The gnoll completely misses you.
You hit the gnoll bouda.
The gnoll bouda is moderately wounded.
The gnoll bouda closely misses you. The gnoll barely misses you.
The gnoll hits you from afar with a +0 spear.
The gnoll hits you but does no damage.
You hit the gnoll bouda.
The gnoll bouda is severely wounded.
You hear the hiss of an avalanche of sand very nearby.
The gnoll is no longer moving quickly.
The gnoll bouda hits you with a +0 club.
The gnoll closely misses you. x2; You block the gnoll's attack.
The gnoll bouda gazes fiercely through you!
You feel your attacks grow feeble. The gnoll bouda closely misses you.
You barely miss the gnoll bouda.
The gnoll bouda is severely wounded.
The gnoll barely misses you. You block the gnoll's attack.
The gnoll hits you but does no damage.
The gnoll bouda barks out a call to the hunt!
The gnoll picks up the pace!
The gnoll barely misses you.
You slash the gnoll bouda!
You kill the gnoll bouda!
The gnoll hits you from afar with a +0 spear.
The gnoll hits you from afar with a +0 halberd. x2
The gnoll hits you from afar with a +0 spear.
The gnoll hits you but does no damage.
3343 ||| READING scroll of teleportation.
As you read the scroll of teleportation, it crumbles to dust.
You feel strangely unstable.
The gnoll is no longer moving quickly. x2
The gnoll hits you but does no damage. The gnoll closely misses you.
The gnoll completely misses you. The gnoll misses you.
The gnoll closely misses you. The gnoll hits you with a +0 halberd!
You die...

#......##'### ### ##
#....#.##.#
S...#.#.####......#
....#'#........##......#
.......####....#...###.#
..... #.#........ #...
###.#..###.#..
#..g##.).#.>.. .#<...
#.Jg@.........### ...
#..g.)........# #+#
##............#
#.......#+#### #######.#
#... #####


You could see a jelly, 3 gnolls and an adder (wandering).

Vanquished Creatures
  Grinder (D:3)
  A jelly (D:3)
  A gnoll bouda (D:4)
  Jessica (D:2)
  An orc wizard (D:3)
  4 gnolls
  4 adders
  2 worms
  5 dart slugs
  5 orcs (D:3)
  5 ball pythons
  5 endoplasms
  2 giant cockroaches (D:1)
  7 goblins
  7 hobgoblins
  11 jackals
  4 quokkas
  5 bats
  2 frilled lizards (D:2)
  4 kobolds
  5 rats
82 creatures vanquished.

Notes
Turn   | Place    | Note
-------+----------+-------------------------------------------
     0 | D:1      | qw the Gargoyle Fighter began the quest for the Orb.
     0 | D:1      | Reached XP level 1. HP: 14/14 MP: 1/1
     0 | D:1      | 0 ||| qw: Version: 0.2-a-12-gaebbb33
     0 | D:1      | 0 ||| qw: Game counter: 1127
     0 | D:1      | 0 ||| qw: Always use a shield: true
     0 | D:1      | 0 ||| qw: God list: Okawaru
     0 | D:1      | 0 ||| qw: Allow faded altars: false
     0 | D:1      | 0 ||| qw: Do Orc after D:15 true
     0 | D:1      | 0 ||| qw: Do second Lair branch before Depths: true
     0 | D:1      | 0 ||| qw: Lair rune preference: random
     0 | D:1      | 0 ||| qw: Plans: Normal, Zot:1-4, God:TSO, Crypt, Tomb,
                  | Pan, Slime:5, Hells, Abyss, Orb
     0 | D:1      | 0 ||| PLANNING D:1-11
    68 | D:1      | Reached XP level 2. HP: 6/19 MP: 2/2
   294 | D:1      | 294 ||| DROPPING +0 hand axe of electrocution.
   345 | D:1      | 345 ||| Stepping ~*~*~tactically~*~*~ (hiding).
   364 | D:1      | 364 ||| Stepping ~*~*~tactically~*~*~ (stealth).
   367 | D:1      | Reached skill level 3 in Axes
   368 | D:1      | 368 ||| Stepping ~*~*~tactically~*~*~ (stealth).
   481 | D:1      | Reached XP level 3. HP: 23/23 MP: 3/3
   495 | D:1      | 495 ||| Stepping ~*~*~tactically~*~*~ (stealth).
   533 | D:1      | 533 ||| Stepping ~*~*~tactically~*~*~ (stealth).
   552 | D:1      | Found a faded altar of an unknown god.
   573 | D:1      | 573 ||| Stepping ~*~*~tactically~*~*~ (stealth).
   576 | D:1      | 576 ||| Stepping ~*~*~tactically~*~*~ (stealth).
   584 | D:1      | 584 ||| Stepping ~*~*~tactically~*~*~ (stealth).
   588 | D:1      | 588 ||| Stepping ~*~*~tactically~*~*~ (stealth).
   998 | D:1      | 998 ||| READING scroll labelled QONLAONN KUJUCH.
  1030 | D:2      | Reached XP level 4. HP: 20/28 MP: 4/4
  1036 | D:2      | 1036 ||| FLEEEEING.
  1039 | D:2      | 1039 ||| FLEEEEING.
  1040 | D:2      | 1040 ||| STAIRDANCE
  1142 | D:2      | 1142 ||| STAIRDANCE
  1269 | D:2      | 1269 ||| Stepping ~*~*~tactically~*~*~ (stealth).
  1280 | D:2      | 1280 ||| Stepping ~*~*~tactically~*~*~ (stealth).
  1311 | D:2      | HP: 5/28 [gnoll/+0 halberd (6)]
  1710 | D:2      | Noticed Jessica
  1712 | D:2      | 1712 ||| Stepping ~*~*~tactically~*~*~ (hiding).
  1717 | D:2      | Killed Jessica
  1718 | D:2      | Reached XP level 5. HP: 25/32 MP: 5/5
  1722 | D:2      | 1722 ||| FLEEEEING.
  1938 | D:2      | 1938 ||| UPGRADING to +0 pair of gloves.
  1943 | D:2      | 1943 ||| READING scroll labelled XIT UCHUSA.
  2044 | D:2      | 2044 ||| READING scroll labelled XUTHRE XACEUPN.
  2045 | D:2      | 2045 ||| READING scroll labelled DUOSTEU PUIXT.
  2046 | D:2      | 2046 ||| READING scroll labelled BIGRYO FIARGH.
  2046 | D:2      | Identified a scroll of acquirement
  2046 | D:2      | 2046 ||| ACQUIRING +0 pair of gloves "Ciuc" {Harm rC+
                  | Str+3}
  2046 | D:2      | Acquired the +0 pair of gloves "Ciuc" {Harm rC+ Str+3}
  2072 | D:3      | 2072 ||| Stepping ~*~*~tactically~*~*~ (stealth).
  2282 | D:3      | Noticed Grinder
  2283 | D:3      | 2283 ||| Stepping ~*~*~tactically~*~*~ (hiding).
  2288 | D:3      | Paralysed by Grinder for 2 turns
  2293 | D:3      | Paralysed by Grinder for 5 turns
  2297 | D:3      | HP: 7/32 [Grinder (2)]
  2299 | D:3      | Killed Grinder
  2300 | D:3      | Reached XP level 6. HP: 7/41 MP: 6/6
  2773 | D:3      | 2773 ||| Stepping ~*~*~tactically~*~*~ (hiding).
  3102 | D:3      | Reached skill level 1 in Dodging
  3102 | D:3      | Reached XP level 7. HP: 45/45 MP: 7/7
  3111 | D:3      | 3111 ||| UPGRADING to amulet of the acrobat.
  3116 | D:3      | 3116 ||| READING 2 scrolls labelled KOGUHO CEYMM.
  3144 | D:4      | 3144 ||| PLANNING OSSUARY
  3181 | D:4      | 3181 ||| Stepping ~*~*~tactically~*~*~ (hiding).
  3320 | D:4      | 3320 ||| Stepping ~*~*~tactically~*~*~ (stealth).
  3327 | D:4      | 3327 ||| Stepping ~*~*~tactically~*~*~ (hiding).
  3342 | D:4      | HP: 10/45 [gnoll/+0 halberd[a gnoll bouda] (3)]
  3342 | D:4      | HP: 3/45 [gnoll/+0 spear[a gnoll bouda] (3)]
  3343 | D:4      | 3343 ||| READING scroll of teleportation.
  3344 | D:4      | Slain by a gnoll

Levels and vault maps discovered:
D:1:      ebering_hopf_link, layout_basic, shapermc_ecumenical_altar_venn
D:2:      layout_rooms, uniq_jessica
D:3:      layout_rooms, minmay_crystal_water, chequers_jeans, uniq_grinder
D:4:      layout_basic, mainiacjoe_overflow_large_starburst,
          chequers_ossuary_entry_cave

Skill      XL: |  1  2  3  4  5  6 |
---------------+-------------------+-----
Axes           | 2 3 4 5 |  5.4
Fighting       | 5 |  5.6
Dodging        | 1 |  1.1
Armour         | |  3.2
Shields        | |  3.2

Action                   |  1- 3 |  4- 6 |  7- 9 || total
-------------------------+-------+-------+-------++-------
Melee: War axe           |    81 |    96 |    19 ||   196
Throw: Boomerang         |       |    27 |     7 ||    34
  Use: Scroll            |     1 |     4 |     2 ||     7
Armor: Scale mail        |    48 |    60 |    16 ||   124
Dodge: Dodged            |    41 |    61 |    18 ||   120
Block: Buckler           |    17 |    18 |     8 ||    43

Table legend:
 A = Non-vault XP
 B = Vault XP
 C = Vault XP percentage of total XP
 D = Non-vault monster count
 E = Vault monster count
 F = Vault count percentage of total count
                 A         B        C        D         E       F
            +---------+---------+-------+---------+---------+-------
      Total |     375 |     327 |  46.6 |      80 |       2 |   2.4
            +---------+---------+-------+---------+---------+-------
        D:1 |      54 |       0 |   0.0 |      27 |       0 |   0.0
        D:2 |     118 |      37 |  23.9 |      25 |       1 |   3.8
        D:3 |     139 |     290 |  67.6 |      22 |       1 |   4.3
        D:4 |      64 |       0 |   0.0 |       6 |       0 |   0.0
            +---------+---------+-------+---------+---------+-------
